| TOP OF THE 1ST |
|
Marion Mets batting - Pitching for Kingsport Cherokees : RHP Ivan Vasquez
|
|
Pitching: RHP Ivan Vasquez
|
|
|
Batting: RHB Thomas Wallace
|
0-0: Ball 1-0: Swinging Strike 1-1: Bunt for hit to 5S - play at first, batter safe!
|
|
Batting: LHB Ricky de la Cruz
|
0-0: Ball 1-0: Called Strike 1-1: Foul Ball, location: 2F 1-2: Foul Ball, location: 2F 1-2: Ball 2-2: Ball 3-2: SINGLE (Groundball, 4MD, EV 98.1 MPH) Thomas Wallace to second Runner from 2nd tries for 3rd, SAFE, throw by CF made to third
|
|
Batting: RHB Rey Quinones
|
0-0: Ball 1-0: Ball 2-0: Fly out, F4 (Popup, 4M, EV 52.5 MPH)
|
|
Batting: LHB Christopher Chapman
|
0-0: 3-RUN HOME RUN (Flyball, 7D, EV 96.3 MPH), Distance : 361 ft
|
|
Batting: RHB Andy Allanson
|
0-0: SINGLE (Groundball, 56D, EV 96.3 MPH)
|
|
Batting: RHB Wayne Harrison
|
0-0: Ball 1-0: Fly out, F8 (Flyball, 8LD, EV 95.6 MPH)
|
|
Batting: LHB Lorenzo Castillo
|
0-0: Ball 1-0: Foul Ball, location: 2F 1-1: Ball 2-1: Ball 3-1: Called Strike 3-2: Base on Balls Andy Allanson to second
|
|
Batting: SHB Sherman Webb
|
0-0: Ball 1-0: Ball 2-0: Ball 3-0: Base on Balls Andy Allanson to third Lorenzo Castillo to second
|
|
Batting: RHB Jose Maldonado
|
0-0: Ball 1-0: Called Strike 1-1: Swinging Strike 1-2: Strikes out looking
|
| Top of the 1st over - 3 runs, 4 hits, 0 errors, 3 left on base; Marion 3 - Kingsport 0 |
| BOTTOM OF THE 1ST |
|
Kingsport Cherokees batting - Pitching for Marion Mets : RHP John Burkett
|
|
Pitching: RHP John Burkett
|
|
|
Batting: SHB Terrence Derby
|
0-0: Ball 1-0: Foul Ball, location: 2F 1-1: Swinging Strike 1-2: Foul Ball, location: 2F 1-2: Ball 2-2: Ball 3-2: Base on Balls
|
|
Batting: RHB Joseph Kramer
|
0-0: Ball 1-0: Called Strike 1-1: Called Strike 1-2: Fly out, F8 (Flyball, 8RS, EV 71.9 MPH)
|
|
Batting: LHB Ronald Davis
|
0-0: Ball 1-0: Swinging Strike 1-1: Ball 2-1: Foul Ball, location: 2F 2-2: Fielders Choice at 2nd, 6-4 (Groundball, 56, EV 106.9 MPH)
|
|
Batting: RHB James Hudson
|
0-0: Called Strike 0-1: Ground out 1-3 (Groundball, 13, EV 68.8 MPH)
|
| Bottom of the 1st over - 0 runs, 0 hits, 0 errors, 1 left on base; Marion 3 - Kingsport 0 |
| TOP OF THE 2ND |
|
Marion Mets batting - Pitching for Kingsport Cherokees : RHP Ivan Vasquez
|
|
Batting: RHB Thomas Wallace
|
0-0: Ball 1-0: Foul Ball, location: 2F 1-1: Ball 2-1: Ground out 5-3 (Groundball, 56S, EV 88.1 MPH)
|
|
Batting: LHB Ricky de la Cruz
|
0-0: Called Strike 0-1: Swinging Strike 0-2: Ball 1-2: Strikes out swinging
|
|
Batting: RHB Rey Quinones
|
0-0: Ball 1-0: Ball 2-0: Called Strike 2-1: Foul Ball, location: 2F 2-2: Ground out 1-3 (Groundball, 34S, EV 60.0 MPH)
|
| Top of the 2nd over - 0 runs, 0 hits, 0 errors, 0 left on base; Marion 3 - Kingsport 0 |
| BOTTOM OF THE 2ND |
|
Kingsport Cherokees batting - Pitching for Marion Mets : RHP John Burkett
|
|
Batting: RHB Timothy Smith
|
0-0: Fly out, F8 (Flyball, 8LD, EV 92.5 MPH)
|
|
Batting: LHB Peter Camelo
|
0-0: Ball 1-0: Called Strike 1-1: Ball 2-1: Foul Ball, location: 2F 2-2: Strikes out swinging
|
|
Batting: RHB Juan Baez
|
0-0: Ball 1-0: Foul Ball, location: 2F 1-1: Ball 2-1: DOUBLE (Line Drive, 89D, EV 106.3 MPH)
|
|
Batting: SHB Nelson Liriano
|
0-0: Ball 1-0: Foul Ball, location: 2F 1-1: SINGLE (Flyball, 8LS, EV 97.5 MPH) Juan Baez to third Runner from 3rd tries for Home, SAFE, throw by CF to home Nelson Liriano to second
|
|
Batting: RHB Jose Sanchez
|
0-0: Ground out 6-3 (Groundball, 6D, EV 105.0 MPH)
|
| Bottom of the 2nd over - 1 run, 2 hits, 0 errors, 1 left on base; Marion 3 - Kingsport 1 |
| TOP OF THE 3RD |
|
Marion Mets batting - Pitching for Kingsport Cherokees : RHP Ivan Vasquez
|
|
Batting: LHB Christopher Chapman
|
0-0: Ball 1-0: SINGLE (Line Drive, 7S, EV 93.1 MPH)
|
|
Batting: RHB Andy Allanson
|
0-0: Ball 1-0: Foul Ball, location: 2F 1-1: Called Strike 1-2: Ball 2-2: Ground out 5-3 (Groundball, 5S, EV 67.5 MPH) Christopher Chapman to second
|
|
Batting: RHB Wayne Harrison
|
0-0: Foul Ball, location: 2F 0-1: Foul Ball, location: 2F 0-2: Ball 1-2: Ball 2-2: Ball 3-2: Fly out, F3 (Popup, 3SF, EV 68.1 MPH)
|
|
Batting: LHB Lorenzo Castillo
|
0-0: Called Strike 0-1: Ball 1-1: Ball 2-1: Foul Ball, location: 2F 2-2: Foul Ball, location: 2F 2-2: Foul Ball, location: 2F 2-2: Ball 3-2: SINGLE (Groundball, 5D, EV 106.3 MPH) Christopher Chapman to third Christopher Chapman scores
|
|
Batting: SHB Sherman Webb
|
0-0: Ball 1-0: Ball 2-0: Ball 3-0: Called Strike 3-1: Base on Balls Lorenzo Castillo to second
|
|
Batting: RHB Jose Maldonado
|
0-0: Swinging Strike 0-1: Fly out, F9 (Line Drive, 9, EV 103.8 MPH)
|
| Top of the 3rd over - 1 run, 2 hits, 0 errors, 2 left on base; Marion 4 - Kingsport 1 |
| BOTTOM OF THE 3RD |
|
Kingsport Cherokees batting - Pitching for Marion Mets : RHP John Burkett
|
|
Batting: SHB Terrence Derby
|
0-0: Called Strike 0-1: Fly out, F7 (Flyball, 7LM, EV 96.3 MPH)
|
|
Batting: RHB Joseph Kramer
|
0-0: Called Strike 0-1: Called Strike 0-2: Foul Ball, location: 2F 0-2: Fly out, F9 (Flyball, 9LM, EV 85.6 MPH)
|
|
Batting: LHB Ronald Davis
|
0-0: Ball 1-0: Foul Ball, location: 2F 1-1: Foul Ball, location: 2F 1-2: Ball 2-2: SINGLE (Flyball, 78S, EV 94.4 MPH)
|
|
Batting: RHB James Hudson
|
0-0: Ball Wild Pitch! Ronald Davis to second 1-0: Called Strike 1-1: Ball 2-1: Ball 3-1: Base on Balls
|
|
Batting: RHB Timothy Smith
|
0-0: Fly out, F6 (Flyball, 56D, EV 92.5 MPH)
|
| Bottom of the 3rd over - 0 runs, 1 hit, 0 errors, 2 left on base; Marion 4 - Kingsport 1 |
| TOP OF THE 4TH |
|
Marion Mets batting - Pitching for Kingsport Cherokees : RHP Ivan Vasquez
|
|
Batting: RHB Thomas Wallace
|
0-0: Ball 1-0: Called Strike 1-1: Foul Ball, location: 2F 1-2: Ball 2-2: Ball 3-2: Strikes out looking
|
|
Batting: LHB Ricky de la Cruz
|
0-0: Called Strike 0-1: Ball 1-1: Swinging Strike 1-2: Fly out, F5 (Popup, 5F, EV 55.6 MPH)
|
|
Batting: RHB Rey Quinones
|
0-0: SINGLE (Line Drive, 56D, EV 96.3 MPH)
|
|
Batting: LHB Christopher Chapman
|
0-0: Ball 1-0: Foul Ball, location: 2F 1-1: Ball 2-1: Swinging Strike 2-2: Ball 3-2: Base on Balls Rey Quinones to second
|
|
Batting: RHB Andy Allanson
|
0-0: Foul Ball, location: 2F 0-1: Called Strike 0-2: Ball 1-2: Foul Ball, location: 2F 1-2: Ball 2-2: Foul Ball, location: 2F 2-2: Ball 3-2: Foul Ball, location: 2F 3-2: Base on Balls Rey Quinones to third Christopher Chapman to second
|
|
Batting: RHB Wayne Harrison
|
0-0: Ball 1-0: Ball 2-0: Foul Ball, location: 2F 2-1: Foul Ball, location: 2F 2-2: Ball 3-2: SINGLE (Groundball, 56D, EV 96.3 MPH) Rey Quinones scores Christopher Chapman to third Andy Allanson to second Christopher Chapman scores Andy Allanson to third
|
|
Pitching: RHP Doug Drabek
|
|
|
Batting: LHB Lorenzo Castillo
|
0-0: Ball 1-0: Called Strike 1-1: Called Strike 1-2: Ground out 4-3 (Groundball, 4, EV 100.6 MPH)
|
| Top of the 4th over - 2 runs, 2 hits, 0 errors, 2 left on base; Marion 6 - Kingsport 1 |
| BOTTOM OF THE 4TH |
|
Kingsport Cherokees batting - Pitching for Marion Mets : RHP John Burkett
|
|
Batting: LHB Peter Camelo
|
0-0: Called Strike 0-1: DOUBLE (Flyball, 89D, EV 95.6 MPH)
|
|
Batting: RHB Juan Baez
|
0-0: Called Strike 0-1: Ball 1-1: Ball 2-1: Called Strike 2-2: Ball 3-2: Strikes out swinging
|
|
Batting: SHB Nelson Liriano
|
0-0: Foul Ball, location: 2F 0-1: Foul Ball, location: 2F 0-2: Ball 1-2: Ball 2-2: Ball 3-2: Ground out 5-3 (Groundball, 56S, EV 65.6 MPH) Peter Camelo to third
|
|
Batting: RHB Jose Sanchez
|
0-0: Ball 1-0: Ground out 4-3 (Groundball, 4MS, EV 74.4 MPH)
|
| Bottom of the 4th over - 0 runs, 1 hit, 0 errors, 1 left on base; Marion 6 - Kingsport 1 |
| TOP OF THE 5TH |
|
Marion Mets batting - Pitching for Kingsport Cherokees : RHP Doug Drabek
|
|
Batting: SHB Sherman Webb
|
0-0: Foul Ball, location: 2F 0-1: Ball 1-1: Called Strike 1-2: Strikes out swinging, 2-3 out at first.
|
|
Batting: RHB Jose Maldonado
|
0-0: Foul Ball, location: 2F 0-1: Ball 1-1: Called Strike 1-2: Strikes out swinging
|
|
Batting: RHB Thomas Wallace
|
0-0: Called Strike 0-1: Ball 1-1: Ball 2-1: Ball 3-1: Foul Ball, location: 2F 3-2: Ground out 4-3 (Groundball, 4, EV 104.4 MPH)
|
| Top of the 5th over - 0 runs, 0 hits, 0 errors, 0 left on base; Marion 6 - Kingsport 1 |
| BOTTOM OF THE 5TH |
|
Kingsport Cherokees batting - Pitching for Marion Mets : RHP John Burkett
|
|
Batting: SHB Terrence Derby
|
0-0: Fly out, F7 (Flyball, 7, EV 73.8 MPH)
|
|
Batting: RHB Joseph Kramer
|
0-0: Called Strike 0-1: Foul Ball, location: 2F 0-2: Strikes out swinging
|
|
Batting: LHB Ronald Davis
|
0-0: Called Strike 0-1: Ball 1-1: Swinging Strike 1-2: Strikes out swinging
|
| Bottom of the 5th over - 0 runs, 0 hits, 0 errors, 0 left on base; Marion 6 - Kingsport 1 |
| TOP OF THE 6TH |
|
Marion Mets batting - Pitching for Kingsport Cherokees : RHP Doug Drabek
|
|
Batting: LHB Ricky de la Cruz
|
0-0: Ball 1-0: Ball 2-0: Ball 3-0: Called Strike 3-1: SINGLE (Groundball, 56S, EV 72.5 MPH) (infield hit)
|
|
Batting: RHB Rey Quinones
|
0-0: Swinging Strike 0-1: Ball 1-1: Called Strike Ricky de la Cruz steals 2nd base 1-2: Ball 2-2: Foul Ball, location: 2F 2-2: Ball 3-2: Base on Balls
|
|
Batting: LHB Christopher Chapman
|
0-0: Ball 1-0: Ball 2-0: Foul Ball, location: 2F 2-1: Ball 3-1: Base on Balls Ricky de la Cruz to third Rey Quinones to second
|
|
Batting: RHB Andy Allanson
|
0-0: Ball Wild Pitch! Ricky de la Cruz scores Rey Quinones to third Christopher Chapman to second 1-0: Called Strike 1-1: Ball 2-1: Called Strike 2-2: Foul Ball, location: 2F 2-2: Foul Ball, location: 2F 2-2: Ball 3-2: Strikes out swinging wild pitch, reaches first! Rey Quinones scores Christopher Chapman to third
|
|
Batting: RHB Wayne Harrison
|
0-0: Ball 1-0: Called Strike 1-1: Foul Ball, location: 2F 1-2: Fly out, F7 (Flyball, 7, EV 86.3 MPH)
|
|
Batting: LHB Lorenzo Castillo
|
0-0: Reached on error, E8 (Flyball, 8RXD, EV 86.9 MPH) Christopher Chapman scores Andy Allanson to second
|
|
Batting: SHB Sherman Webb
|
0-0: Ball 1-0: Fly out, F8 (Flyball, 78S, EV 82.5 MPH)
|
|
Batting: RHB Jose Maldonado
|
0-0: Ball 1-0: SINGLE (Line Drive, 9LS, EV 105.0 MPH) Andy Allanson to third Lorenzo Castillo to second Runner from 3rd tries for Home, SAFE, throw by RF to home
|
|
Batting: RHB Thomas Wallace
|
0-0: Called Strike 0-1: SINGLE (Groundball, 6MD, EV 85.0 MPH) (infield hit) Lorenzo Castillo to third Jose Maldonado to second
|
|
Batting: LHB Ricky de la Cruz
|
0-0: Ball 1-0: Ground out U3 (Groundball, 3L, EV 82.5 MPH)
|
| Top of the 6th over - 4 runs, 3 hits, 1 error, 3 left on base; Marion 10 - Kingsport 1 |
| BOTTOM OF THE 6TH |
|
Kingsport Cherokees batting - Pitching for Marion Mets : RHP John Burkett
|
|
Batting: RHB James Hudson
|
0-0: Fly out, F8 (Flyball, 78XD, EV 87.5 MPH)
|
|
Batting: RHB Timothy Smith
|
0-0: Called Strike 0-1: SINGLE (Line Drive, 6MD, EV 95.6 MPH)
|
|
Batting: LHB Peter Camelo
|
0-0: Grounds into double play, U3-6 (Groundball, 3L, EV 103.1 MPH)
|
| Bottom of the 6th over - 0 runs, 1 hit, 0 errors, 0 left on base; Marion 10 - Kingsport 1 |
| TOP OF THE 7TH |
|
Marion Mets batting - Pitching for Kingsport Cherokees : RHP Doug Drabek
|
|
Pinch Hitting: RHB Miguel Corona
|
0-0: Ball 1-0: Fly out, F6 (Popup, 6, EV 58.8 MPH)
|
|
Batting: LHB Christopher Chapman
|
0-0: Ball 1-0: Foul Ball, location: 2F 1-1: Foul Ball, location: 2F 1-2: Foul Ball, location: 2F 1-2: Ball 2-2: Ball 3-2: Ground out U3 (Groundball, 13, EV 83.1 MPH)
|
|
Batting: RHB Andy Allanson
|
0-0: Ball 1-0: Ball 2-0: Ball 3-0: Base on Balls
|
|
Batting: RHB Wayne Harrison
|
0-0: Ball 1-0: Called Strike 1-1: Swinging Strike 1-2: Ball 2-2: Foul Ball, location: 2F 2-2: Strikes out swinging
|
| Top of the 7th over - 0 runs, 0 hits, 0 errors, 1 left on base; Marion 10 - Kingsport 1 |
| BOTTOM OF THE 7TH |
|
Kingsport Cherokees batting - Pitching for Marion Mets : RHP John Burkett
|
|
Now at SS: Miguel Corona
|
|
|
Pinch Hitting: RHB Larry Simcox
|
0-0: Ball 1-0: Ball 2-0: Ground out 6-3 (Groundball, 6, EV 82.5 MPH)
|
|
Pinch Hitting: RHB Phillip Collins
|
0-0: Ball 1-0: Ball 2-0: Ground out 5-3 (Groundball, 56S, EV 90.0 MPH)
|
|
Batting: RHB Jose Sanchez
|
0-0: Called Strike 0-1: Ground out 6-3 (Groundball, 56, EV 88.1 MPH)
|
| Bottom of the 7th over - 0 runs, 0 hits, 0 errors, 0 left on base; Marion 10 - Kingsport 1 |
| BOTTOM OF THE 8TH |
|
Kingsport Cherokees batting - Pitching for Marion Mets : RHP John Burkett
|
|
Batting: SHB Terrence Derby
|
0-0: Swinging Strike 0-1: Foul Ball, location: 2F 0-2: Strikes out swinging
|
|
Pinch Hitting: SHB Ramon Clases
|
0-0: Ball 1-0: Foul Ball, location: 2F 1-1: Foul Ball, location: 2F 1-2: Strikes out swinging
|
|
Pinch Hitting: RHB Phil Lansford
|
0-0: Called Strike 0-1: Ball 1-1: Swinging Strike 1-2: Foul Ball, location: 2F 1-2: Foul Ball, location: 2F 1-2: Ball 2-2: Ball 3-2: Strikes out swinging
|
| Bottom of the 8th over - 0 runs, 0 hits, 0 errors, 0 left on base; Marion 13 - Kingsport 1 |
| TOP OF THE 9TH |
|
Marion Mets batting - Pitching for Kingsport Cherokees : RHP Jimmy Jones
|
|
Now at 1B: Phil Lansford
|
|
|
Now in CF: Ramon Clases
|
|
|
Batting: LHB Christopher Chapman
|
0-0: Foul Ball, location: 2F 0-1: Swinging Strike 0-2: Foul Ball, location: 2F 0-2: Fly out, F7 (Flyball, 7S, EV 83.1 MPH)
|
|
Pinch Hitting: RHB Bob Geren
|
0-0: Ball 1-0: Ball 2-0: Ball 3-0: Called Strike 3-1: Foul Ball, location: 2F 3-2: Base on Balls
|
|
Batting: RHB Wayne Harrison
|
0-0: Ball 1-0: Swinging Strike 1-1: 2-RUN HOME RUN (Flyball, 89XD, EV 106.9 MPH), Distance : 416 ft
|
|
Batting: LHB Lorenzo Castillo
|
0-0: Ball 1-0: Called Strike 1-1: Ball 2-1: Ball 3-1: Foul Ball, location: 2F 3-2: Base on Balls
|
|
Batting: SHB Sherman Webb
|
0-0: Called Strike 0-1: Swinging Strike 0-2: Ball 1-2: Ball 2-2: Ball 3-2: Strikes out looking
|
|
Batting: RHB Jose Maldonado
|
0-0: Swinging Strike 0-1: SINGLE (Groundball, 56D, EV 103.8 MPH) Lorenzo Castillo to second
|
|
Batting: RHB Thomas Wallace
|
0-0: Ground out 4-3 (Groundball, 34, EV 85.6 MPH)
|
| Top of the 9th over - 2 runs, 2 hits, 0 errors, 2 left on base; Marion 15 - Kingsport 1 |
| BOTTOM OF THE 9TH |
|
Kingsport Cherokees batting - Pitching for Marion Mets : RHP John Burkett
|
|
Now at C: Bob Geren
|
|
|
Pinch Hitting: RHB Thomas Bocock
|
0-0: Called Strike 0-1: Swinging Strike 0-2: Strikes out swinging
|
|
Pinch Hitting: RHB Gerardo Amador
|
0-0: Ball 1-0: Swinging Strike 1-1: SINGLE (Groundball, 56D, EV 101.9 MPH)
|
|
Batting: LHB Peter Camelo
|
0-0: Swinging Strike 0-1: Foul Ball, location: 2F 0-2: Ball 1-2: Fielders Choice at 2nd, 3-6 (Groundball, 3S, EV 90.0 MPH)
|
|
Pinch Hitting: RHB Juan Castillo
|
0-0: Ball 1-0: Ball 2-0: Called Strike 2-1: Ball 3-1: Called Strike 3-2: Foul Ball, location: 2F 3-2: Foul Ball, location: 2F 3-2: Foul Ball, location: 2F 3-2: Foul Ball, location: 2F 3-2: Foul Ball, location: 2F 3-2: Strikes out swinging
|
| Bottom of the 9th over - 0 runs, 1 hit, 0 errors, 1 left on base; Marion 15 - Kingsport 1 |
|